 Dungeon Crawl Stone Soup version 0.27-a0-1217-g8a41f320e8 (webtiles) character file.

Game seed: 16110589825313438818

289 polve the Skirmisher (level 6, -4/51 HPs)
             Began as a Demonspawn Abyssal Knight on June 5, 2021.
             Was a Believer of Lugonu.
             Splashed by a jelly's acid (5 damage)
             ... on level 5 of the Dungeon.
             The game lasted 00:02:59 (4753 turns).

polve the Skirmisher (Demonspawn Abyssal Knight)    Turns: 4753, Time: 00:02:59

Health: -4/51      AC: -1    Str: 14    XL:     6   Next: 9%
Magic:  7/7        EV: 10    Int: 13    God:    Lugonu [**....]
Gold:   171        SH:  5    Dex: 13    Spells: 5/5 levels left

rFire    . . .     SeeInvis .   b - +0 rapier
rCold    . . .     Faith    .   (no shield)
rNeg     . . .     Spirit   .   n - +0 ring mail
rPois    +         Reflect  +   (helmet restricted)
rElec    .         Harm     .   o - scarf {shadows}
rCorr    .         Rampage  .   (no gloves)
Will     .....                  (no boots)
Stlth    +.........             c - amulet of reflection
HPRegen  0.17/turn              l - ring of poison resistance
MPRegen  0.10/turn              (no ring)

@: corroded
A: horns 1, sharp scales 1
a: Renounce Religion, Depart the Abyss, Bend Space


You were on level 5 of the Dungeon.
You worshipped Lugonu.
Lugonu was pleased with you.
You visited 1 branch of the dungeon, and saw 5 of its levels.
You visited the Abyss 1 time.

You collected 171 gold pieces.

Inventory:

Hand Weapons
 a - a +1 short sword
 b - a +0 rapier (weapon)
Armour
 n - a +0 ring mail (worn)
 o - a scarf of shadows (worn)
Jewellery
 c - an amulet of reflection (around neck)
 l - a ring of poison resistance (left hand)
Scrolls
 d - a scroll of blinking {unknown}
 e - a scroll of acquirement {unknown}
 f - 2 scrolls of teleportation {unknown}
 h - a scroll of noise {unknown}
 i - 2 scrolls of amnesia {unknown}
 j - a scroll of enchant armour {unknown}
 k - 3 scrolls of identify {unknown}
 p - a scroll of torment {unknown}
Potions
 g - a potion of curing {unknown}
 m - a potion of degeneration {unknown}
 q - a potion of berserk rage {unknown}


   Skills:
 + Level 5.6 Fighting
 - Level 4.0 Short Blades
 - Level 1.7 Armour
 - Level 0.8 Dodging
 - Level 2.4 Invocations


You had 5 spell levels left.
You didn't know any spells.
Your spell library contained the following spells:

 Spells                   Type           Power      Damage    Failure   Level
 Magic Dart               Conj           0%         1d3       52%         1
 Blink                    Tloc           N/A        N/A       67%         2
 Call Imp                 Summ           0%         N/A       67%         2
 Slow                     Hex            0%         N/A       67%         2
 Conjure Flame            Conj/Fire      0%         6-21      88%         3
 Mephitic Cloud           Conj/Pois/Air  0%         N/A       88%         3


Dungeon Overview and Level Annotations

Branches:
Dungeon (5/15)
 Temple: D:4-7

Altars:

Shops:
D:4 (


Innate Abilities, Weirdness & Mutations

You have a pair of small horns on your head.
You are partially covered in razor-sharp scales. (AC +1, Slay +1)


Message History

The hound bites you. x2
You hit the hound.
You kill the hound!
Lugonu accepts your kill.
You have reached level 6!
Your experience leads to an increase in your attributes!
Increase (S)trength, (I)ntelligence, or (D)exterity?
You feel stronger.
A jelly comes into view.
A jelly is nearby!
A jelly is nearby!
You are too injured to fight recklessly!
You are too injured to fight recklessly!
You are too injured to fight recklessly!
You are too injured to fight recklessly!
You are too injured to fight recklessly!
You are too injured to fight recklessly!
The jelly quivers.
Found a stone staircase leading up.
You see here a hound corpse.
The jelly misses you.
You hit the jelly.
Your hands burn!
The jelly is moderately wounded.
The jelly barely misses you.
You puncture the jelly! The acid corrodes you!
Your hands burn!
You headbutt the jelly.
The jelly is severely wounded.
The jelly hits you. The acid corrodes you!
You are splashed with acid!
You hit the jelly.
Your hands burn!
The jelly is almost dead.
You block the jelly's attack.
You hit the jelly but do no damage. The acid corrodes you!
Your hands burn!
* * * LOW HITPOINT WARNING * * *
The jelly is almost dead.
The jelly hits you.
* * * LOW HITPOINT WARNING * * *
You are splashed with acid!
* * * LOW HITPOINT WARNING * * *
You hit the jelly.
Your hands burn!
You die...

# .... #. ... .
#.###.. .#
###.#...#.##
#...........
#....J......
#....@......
##########...........
#...........†........
#....................
#.........########<##
#.........# .#
#.........# #
###.........#
#...........+


You could see a jelly.

Vanquished Creatures
  A jelly (D:4)
  A hound (D:5)
  An iguana (D:4)
  2 orc wizards (D:4)
  A hound skeleton (D:4)
  4 gnolls
  3 adders
  2 ufetubi
  2 dart slugs
  An orc (D:4)
  5 ball pythons
  5 endoplasms
  2 goblins
  5 hobgoblins
  15 jackals
  5 quokkas
  3 bats
  2 frilled lizards (D:1)
  4 kobolds
  3 rats
67 creatures vanquished.

Notes
Turn   | Place    | Note
-------+----------+-------------------------------------------
     0 | Abyss:1  | polve the Demonspawn Abyssal Knight began the quest for the
                  | Orb.
     0 | Abyss:1  | Reached XP level 1. HP: 18/18 MP: 2/2
    42 | Abyss:1  | Found a corrupted altar of Lugonu.
    60 | Abyss:1  | Found a corrupted altar of Lugonu.
   129 | Abyss:1  | Noticed a worldbinder
   130 | D:1      | Escaped the Abyss
   460 | D:1      | Reached * piety under Lugonu
   550 | D:1      | Gained mutation: You have a pair of small horns on your
                  | head. [demonic ancestry]
   550 | D:1      | Reached XP level 2. HP: 21/24 MP: 3/3
   882 | D:1      | Found a faded altar of an unknown god.
  1158 | D:1      | Gained mutation: You are partially covered in razor-sharp
                  | scales. (AC +1, Slay +1) [demonic ancestry]
  1158 | D:1      | Reached XP level 3. HP: 12/29 MP: 4/4
  1839 | D:2      | Reached XP level 4. HP: 17/35 MP: 5/5
  3630 | D:4      | Reached skill level 4 in Fighting
  3656 | D:4      | Reached XP level 5. HP: 39/42 MP: 6/6
  4105 | D:4      | Reached ** piety under Lugonu
  4144 | D:4      | Reached skill level 5 in Fighting
  4427 | D:4      | Found Esaqeyhi's Weapon Emporium.
  4686 | D:5      | Entered Level 5 of the Dungeon
  4739 | D:5      | Reached XP level 6. HP: 37/51 MP: 7/7
  4752 | D:5      | HP: 1/51 [acid (11)]
  4753 | D:5      | Splashed by a jelly's acid

Illustrated notes

Levels and vault maps discovered:
D:1:      dpeg_arrival_snail, layout_basic,
          shapermc_ecumenical_altar_mp_urbaneastern, minmay_ruptured
D:2:      layout_rooms
D:3:      layout_basic, serial_forest, infiniplex_forest_end_1,
          infiniplex_forest_straight_3, infiniplex_forest_lined_room_3,
          infiniplex_forest_straight_4, infiniplex_forest_lined_room_,
          infiniplex_forest_lined_3_way, infiniplex_forest_clump_curved
D:4:      layout_rooms, serial_shops, shop_fountains
D:5:      layout_basic, cheibrodos_sewer_entry_drain

Skill      XL: |  1  2  3  4  5 |
---------------+----------------+-----
Short Blades   | 2 3 4 |  4.0
Fighting       | 4 5 |  5.6
Armour         | |  1.7
Dodging        | |  0.8
Invocations    | |  2.4

Action                   |  1- 3 |  4- 6 || total
-------------------------+-------+-------++-------
Melee: Rapier            |    89 |   142 ||   231
       Short sword       |     2 |       ||     2
       Headbutt          |     6 |    26 ||    32
Invok: Depart the Abyss  |     1 |       ||     1
  Use: Potion            |       |     1 ||     1
Armor: Leather armour    |    15 |     3 ||    18
       Ring mail         |       |    46 ||    46
Dodge: Dodged            |    50 |    72 ||   122
Block: Other             |    24 |    31 ||    55

Table legend: (Time is in decaauts)
 A = Elapsed time spent in this place.
 B = Non-inter-level travel time spent in this place.
 C = Inter-level travel time spent in this place.
 D = Time resting spent in this place.
 E = Time spent auto-exploring this place.
 F = Levels seen in this place.
 G = Mean time per level.
                   A        B        C        D        E       F      G
               +--------+--------+--------+--------+--------+-----+--------+
         Total |   4739 |   4511 |    228 |    282 |   3720 |   6 |  789.8 |
       Dungeon |   4609 |   4381 |    228 |    282 |   3592 |   5 |  921.8 |
         Abyss |    130 |    130 |      0 |      0 |    128 |   1 |  130.0 |
               +--------+--------+--------+--------+--------+-----+--------+

Top non-repeatable levels by time:
     D:3: 1249 daAuts
     D:1: 1177 daAuts
     D:4: 1140 daAuts
     D:2: 975 daAuts
 Abyss:1: 130 daAuts
     D:5: 66 daAuts
